 Dungeon Crawl Stone Soup version 0.23-a0-407-g92528d7c89 (webtiles) character file.

72 Bikalo the Conjurer (level 4, 0/36 HPs)
             Began as a Deep Elf Conjurer on Nov 7, 2018.
             Slain by a jackal (1 damage)
             ... on level 2 of the Dungeon.
             The game lasted 00:05:28 (2102 turns).

Bikalo the Conjurer (Deep Elf Conjurer)             Turns: 2102, Time: 00:05:29

Health: 0/36       AC: 22    Str:  5    XL:     4   Next: 6%
Magic:  0/11       EV:  2    Int: 26    God:
Gold:   63         SH:  0    Dex: 20    Spells: 4/10 levels left

rFire    . . .     SeeInvis .   f - +1 dagger (speed)
rCold    . . .     Gourm    +   (no shield)
rNeg     + + +     Faith    .   (armour currently unavailable)
rPois    +         Spirit   .   (helmet currently unavailable)
rElec    .         Reflect  .   (cloak currently unavailable)
rCorr    .         Harm     .   (gloves currently unavailable)
MR       .....     NoTele   +   (boots currently unavailable)
Stlth    ++++......             d - amulet of the gourmand
HPRegen  0.12/turn              (no ring)
MPRegen  0.12/turn              (no ring)

@: brilliant, agile, lethally poisoned (0 -> -1), tree-form, very slightly
contaminated
A: no striking features
a: no special abilities


You were on level 2 of the Dungeon.
You were not hungry.
You were a tree.
You visited 1 branch of the dungeon, and saw 2 of its levels.

You collected 63 gold pieces.

Inventory:

Hand Weapons
 f - a +1 dagger of speed (weapon)
 k - a +2 spear of piercing
Armour
 a - a +0 robe (melded)
Jewellery
 d - an amulet of the gourmand (around neck)
Scrolls
 b - a scroll of identify
 i - a scroll of remove curse {unknown}
 j - a scroll of teleportation {unknown}
Comestibles
 c - 3 rations


   Skills:
 + Level 1.2 Short Blades
 - Level 2.4 Dodging
 - Level 3.0 Stealth
 + Level 3.9 Spellcasting
 * Level 5.3 Conjurations


You had 4 spell levels left.
You knew the following spells:

 Your Spells              Type           Power        Failure   Level  Hunger
a - Magic Dart            Conj           ####         1%          1    None
b - Searing Ray           Conj           #####.       1%          2    None
c - Dazzling Spray        Conj/Hex       ####..       1%          3    ##.....

Your spell library contained the following spells:

 Spells                   Type           Power        Failure   Level  Hunger
 Iskenderun's Mystic Bla  Conj           #####...     1%          4    ####...
 Force Lance              Conj/Tloc      ####....     3%          4    ####...
 Fulminant Prism          Conj/Hex       ####......   3%          4    ####...


Dungeon Overview and Level Annotations

Branches:
Dungeon (2/15)

Altars:


Message History

You see here a green potion.
e - a green potion It was a potion of lignification.
You turn into a tree.
Your +0 robe melds into your body.
Your roots penetrate the ground.
* * * LOW HITPOINT WARNING * * *
You feel sick.
Casting: Magic Dart (safe; 1% risk of failure)
Confirm with . or Enter, or press ? or * to list all spells.
Aiming: Magic Dart (safe; 1% risk of failure)
Press: ? - help, Shift-Dir - straight line, f - jackal
Aim: a jackal The magic dart hits the jackal.
The jackal is lightly wounded.
The hobgoblin shouts!
The jackal bites you but does no damage.
The hobgoblin hits you but does no damage.
You hit the hobgoblin.
The hobgoblin is almost dead.
The jackal bites you.
You die...

...###(.##
#.........#
#....###.........#
..#..h.....[.?....#
##.####.##.........#
#. #.##.........# #
#..#..##.......#
#.......h....#
######...g..#
###h♣..# #.......#
...##.##... #.### .#
. ..$ # ###


You could see 2 jackals and a hobgoblin.

Vanquished Creatures
  2 adders (D:2)
  2 worms (D:2)
  2 dart slugs
  4 leopard geckos
  A giant cockroach (D:1)
  5 goblins
  5 hobgoblins
  2 jackals (D:2)
  5 kobolds
  3 bats
  2 frilled lizards
  7 rats
40 creatures vanquished.

Notes
Turn   | Place    | Note
-------+----------+-------------------------------------------
     0 | D:1      | Bikalo the Deep Elf Conjurer began the quest for the Orb.
     0 | D:1      | Reached XP level 1. HP: 10/10 MP: 6/6
   478 | D:1      | Reached XP level 2. HP: 15/15 MP: 2/8
  1040 | D:1      | Learned a level 2 spell: Searing Ray
  1451 | D:2      | Reached XP level 3. HP: 14/19 MP: 6/10
  1459 | D:2      | Reached skill level 5 in Conjurations
  1728 | D:2      | Reached skill level 1 in Short Blades
  1733 | D:2      | Learned a level 3 spell: Dazzling Spray
  2070 | D:1      | You fall through a shaft!
  2084 | D:2      | Reached XP level 4. HP: 12/24 MP: 1/11
  2092 | D:2      | HP: 1/24 [poisoned by an adder]
  2100 | D:2      | HP: 1/36 [poisoned by an adder]
  2102 | D:2      | Slain by a jackal

Vault maps used:
D:1:      minmay_arrival_hallway, serial_glass, glass_columns_b,
          glass_columns_c, minmay_cupped
D:2:      serial_bayou_pond_b

Skill      XL: |  1  2  3 |
---------------+----------+-----
Stealth        | 3 |  3.0
Conjurations   | 5 |  5.3
Short Blades   | 1 |  1.2
Dodging        | |  2.4
Spellcasting   | |  3.9

Action                   |  1- 3 |  4- 6 || total
-------------------------+-------+-------++-------
Melee: Unarmed           |     3 |       ||     3
       Dagger            |    44 |     3 ||    47
 Cast: Magic Dart        |    55 |     2 ||    57
       Searing Ray       |     4 |       ||     4
  Use: Scroll            |     1 |     1 ||     2
       Potion            |       |     3 ||     3
 Stab: Sleeping          |     1 |       ||     1
  Eat: Chunk             |     7 |       ||     7
Armor: Robe              |     9 |     1 ||    10
       Skin              |       |     2 ||     2
Dodge: Dodged            |    40 |     2 ||    42

Table legend:
 A = Non-vault XP
 B = Vault XP
 C = Vault XP percentage of total XP
 D = Non-vault monster count
 E = Vault monster count
 F = Vault count percentage of total count
                 A         B        C        D         E       F
            +---------+---------+-------+---------+---------+-------
      Total |      91 |      12 |  11.7 |      33 |       7 |  17.5
            +---------+---------+-------+---------+---------+-------
        D:1 |      29 |       7 |  19.4 |      16 |       5 |  23.8
        D:2 |      62 |       5 |   7.5 |      17 |       2 |  10.5
            +---------+---------+-------+---------+---------+-------
